Map: Lightshade LE

Players

Gemini - Winner!

  • Race: Protoss Protoss
  • League: Master

MulderQi

  • Race: Protoss Protoss
  • League: Master

VOD

Have the link to the VOD?

Description

Time

  • Played on: July 26, 2021, 11:02 a.m.
  • Length: 13:54
Show
View Real Time Build Order
Export as new Build Order

Gemini Protoss - Winner!

Build Orders: Oracle Opening, Carriers 

Get SALT Encoding   

  12  0:00  Probe  
  13  0:12  Probe  
  14  0:17  Pylon  
  14  0:24  Probe (Chrono Boost)  
  15  0:37  Probe (Chrono Boost)  
  15  0:38  Gateway  
  16  0:44  Probe (Chrono Boost)  
  16  0:46  Assimilator  
  17  0:51  Probe  
  17  0:55  Assimilator  
  18  1:03  Probe (Chrono Boost)  
  19  1:08  Gateway  
  19  1:15  Probe (Chrono Boost)  
  20  1:21  Probe (Chrono Boost)  
  21  1:26  Cybernetics Core  
  21  1:29  Probe  
  22  1:36  Pylon  
  22  1:41  Probe  
  23  1:54  Probe  
  24  2:03  Stalker  
  24  2:04  Sentry  
  24  2:07  Probe  
  29  2:09  Warp Gate  
  29  2:14  Pylon  
  29  2:19  Probe  
  29  2:37  Stargate  
  29  2:40  Shield Battery  
  29  2:43  Stalker  
  31  3:08  Probe  
  31  3:11  Nexus  
  32  3:19  Oracle (Chrono Boost)  
  32  3:23  Probe  
  36  3:33  Pylon  
  36  3:35  Probe  
  37  3:47  Probe  
  38  3:57  Robotics Facility  
  38  3:58  Void Ray  
  38  3:59  Probe (Chrono Boost)  
  44  4:11  Probe (Chrono Boost)  
  44  4:17  Probe (Chrono Boost)  
  45  4:26  Probe (Chrono Boost)  
  47  4:31  Probe (Chrono Boost)  
  47  4:35  Probe (Chrono Boost)  
  49  4:39  Probe (Chrono Boost)  
  49  4:40  Probe (Chrono Boost)  
  49  4:42  Sentry  
  56  4:47  Observer  
  56  4:50  Probe  
  56  4:51  Assimilator  
  56  4:52  Assimilator, Probe, Void Ray  
  55  4:53  Pylon  
  55  4:57  Forge  
  59  5:02  Pylon, Probe  
  59  5:04  Probe  
  61  5:08  Pylon  
  62  5:14  Probe  
  62  5:16  Immortal, Probe  
  67  5:26  Probe  
  68  5:28  Probe  
  69  5:37  Stargate  
  69  5:38  Probe  
  69  5:40  Probe  
  69  5:42  Pylon  
  71  5:45  Void Ray (Chrono Boost)  
  71  5:50  Probe  
  71  5:53  Pylon  
  76  6:09  Pylon  
  76  6:15  Nexus  
  76  6:20  Void Ray (Chrono Boost), Shield Battery  
  76  6:23  Shield Battery  
  76  6:25  Photon Cannon  
  80  6:26  Void Ray (Chrono Boost)  
  80  6:27  Photon Cannon  
  84  6:53  Photon Cannon  
  84  6:55  Immortal  
  84  6:56  Void Ray (Chrono Boost)  
  84  6:58  Robotics Bay  
  92  7:06  Void Ray (Chrono Boost)  
  89  7:11  Photon Cannon  
  93  7:21  Pylon  
  93  7:25  Pylon  
  93  7:26  Photon Cannon  
  93  7:28  Void Ray (Chrono Boost)  
  93  7:29  Probe x2  
  95  7:32  Protoss Air Weapons Level 1  
  99  7:37  Probe  
  99  7:41  Probe  
  99  7:42  Disruptor (Chrono Boost)  
  99  7:44  Photon Cannon  
  104  7:57  Void Ray  
  104  7:58  Assimilator, Probe x3  
  107  7:59  Assimilator  
  111  8:10  Probe x3, Photon Cannon  
  111  8:12  Shield Battery  
  114  8:18  Pylon  
  114  8:19  Disruptor (Chrono Boost)  
  114  8:24  Void Ray  
  117  8:34  Probe x2  
  123  8:36  Void Ray  
  123  8:45  Zealot x2  
  123  8:46  Disruptor  
  134  9:01  Void Ray, Probe  
  133  9:12  Photon Cannon  
  133  9:14  Fleet Beacon  
  133  9:15  Photon Cannon  
  133  9:16  Pylon, Shield Battery  
  131  9:22  Disruptor  
  130  9:25  Void Ray (Chrono Boost)  
  134  9:40  Pylon x2, Void Ray (Chrono Boost)  
  134  9:47  Pylon  
  138  9:55  Disruptor (Chrono Boost)  
  138  9:58  Void Ray (Chrono Boost)  
  145  10:14  Zealot x2  
  145  10:17  Protoss Air Weapons Level 2 (Chrono Boost)  
  145  10:20  Carrier (Chrono Boost)  
  149  10:24  Pylon, Nexus  
  155  10:32  Carrier (Chrono Boost)  
  161  10:42  Pylon  
  161  10:44  Photon Cannon  
  161  10:45  Photon Cannon  
  161  10:59  Assimilator  
  161  11:03  Assimilator  
  161  11:05  Sentry  
  161  11:06  Pylon  
  161  11:09  Stargate  
  163  11:11  Photon Cannon  
  163  11:12  Shield Battery  
  163  11:13  Pylon  
  163  11:15  Photon Cannon  
  163  11:17  Photon Cannon  
  163  11:31  Carrier (Chrono Boost)  
  175  11:35  Carrier (Chrono Boost)  
  175  11:40  Probe, Photon Cannon  
  175  11:41  Probe x2  
  175  11:42  Probe  
  185  11:54  Probe  
  185  11:55  Probe  
  185  11:57  Carrier (Chrono Boost)  
  190  12:17  Carrier (Chrono Boost)  
  196  12:34  Observer  
  196  12:36  Carrier  
  200  12:55  Stargate  
  200  12:56  Stargate  
  200  12:59  Pylon  
  199  13:46  Nexus  
Show
View Real Time Build Order
Export as new Build Order

MulderQi Protoss 

Build Orders: Phoenix Opening, Carriers, Zealot Archon 

Get SALT Encoding   

  12  0:00  Probe  
  13  0:13  Probe  
  14  0:19  Pylon  
  14  0:25  Probe  
  15  0:38  Probe (Chrono Boost)  
  15  0:41  Gateway  
  16  0:47  Probe (Chrono Boost)  
  17  0:51  Assimilator  
  17  0:52  Probe (Chrono Boost)  
  18  0:58  Assimilator  
  18  1:04  Probe (Chrono Boost)  
  18  1:09  Gateway  
  19  1:15  Probe (Chrono Boost)  
  20  1:20  Probe (Chrono Boost)  
  21  1:28  Cybernetics Core  
  21  1:31  Probe  
  22  1:36  Pylon  
  22  1:43  Probe  
  23  2:00  Probe  
  24  2:05  Stalker  
  24  2:06  Sentry  
  24  2:07  Pylon  
  28  2:15  Warp Gate  
  28  2:37  Stalker  
  28  2:38  Stalker  
  28  2:39  Phoenix  
  32  2:53  Nexus  
  32  2:59  Shield Battery  
  32  3:10  Sentry x2  
  32  3:12  Probe (Chrono Boost)  
  37  3:16  Shield Battery  
  37  3:24  Probe (Chrono Boost)  
  38  3:29  Probe (Chrono Boost)  
  38  3:32  Twilight Council  
  39  3:42  Pylon  
  39  3:57  Forge  
  39  4:00  Probe  
  40  4:06  Probe  
  41  4:14  Stalker x2  
  44  4:27  Probe x2 (Chrono Boost)  
  44  4:29  Blink  
  46  4:36  Probe (Chrono Boost)  
  46  4:37  Protoss Ground Weapons Level 1, Probe (Chrono Boost)  
  48  4:41  Probe x2 (Chrono Boost)  
  50  4:53  Probe x2  
  50  4:59  Stalker x2  
  56  5:05  Pylon, Probe x2  
  58  5:17  Probe  
  58  5:18  Probe  
  60  5:28  Nexus  
  60  5:29  Pylon  
  60  5:31  Assimilator  
  60  5:32  Probe x2  
  62  5:43  Assimilator  
  62  5:46  Gateway  
  62  5:47  Gateway  
  62  5:51  Probe x2  
  65  6:04  Probe x2  
  66  6:13  Gateway  
  66  6:15  Gateway  
  66  6:16  Pylon  
  66  6:17  Probe x2  
  68  6:26  Shield Battery  
  68  6:33  Zealot x2  
  68  6:37  Templar Archives, Probe  
  73  6:40  Gateway x2  
  73  6:50  Charge  
  73  6:53  Probe x2 (Chrono Boost)  
  73  6:54  Probe (Chrono Boost)  
  76  6:58  Protoss Ground Weapons Level 2 (Chrono Boost)  
  76  7:05  Probe x3 (Chrono Boost)  
  79  7:11  Probe x3 (Chrono Boost)  
  82  7:15  Assimilator  
  82  7:17  High Templar x4  
  82  7:19  Assimilator  
  82  7:21  Archon x2  
  90  7:23  Zealot x2  
  90  7:24  Pylon  
  90  7:28  Pylon  
  94  7:34  Pylon, Photon Cannon  
  94  7:35  Probe  
  95  7:38  Photon Cannon  
  95  7:40  High Templar x2  
  95  7:42  Probe  
  95  7:43  Probe  
  101  7:46  Archon  
  101  7:47  Probe  
  101  7:48  Zealot x2  
  106  7:52  Pylon  
  106  7:58  Probe x2  
  108  7:59  Probe  
  108  8:01  Robotics Facility  
  108  8:03  High Templar x2  
  108  8:04  Zealot  
  115  8:07  Zealot, Archon  
  117  8:15  Zealot x3  
  117  8:18  Zealot  
  125  8:31  Stargate  
  125  8:33  High Templar x2  
  129  8:36  Zealot x2  
  129  8:38  Pylon  
  129  8:39  Archon  
  133  8:42  Nexus  
  133  8:45  Pylon  
  107  9:07  High Templar x2  
  107  9:08  Zealot x3, High Templar x2  
  107  9:09  Zealot  
  109  9:23  Archon x2  
  103  9:29  Fleet Beacon  
  103  9:32  Photon Cannon  
  103  9:34  Probe x3, Photon Cannon  
  103  9:35  Assimilator  
  103  9:37  Shield Battery  
  103  9:38  Observer (Chrono Boost)  
  107  9:39  Assimilator, Shield Battery  
  107  9:46  Stargate x2  
  107  9:50  Protoss Ground Weapons Level 3 (Chrono Boost)  
  107  9:55  Warp Prism  
  109  10:02  Probe x4  
  113  10:07  Pylon  
  113  10:12  Protoss Air Weapons Level 1 (Chrono Boost)  
  113  10:14  Probe x2  
  114  10:18  Pylon  
  121  10:22  Probe x2, Carrier (Chrono Boost)  
  121  10:26  Probe x2  
  125  10:32  Carrier (Chrono Boost)  
  131  10:39  Carrier (Chrono Boost)  
  137  10:44  Probe  
  137  10:45  Probe x2  
  137  10:49  Photon Cannon x2  
  140  10:51  Photon Cannon  
  140  10:53  Photon Cannon  
  140  10:54  Pylon  
  140  10:58  Photon Cannon  
  140  10:59  Photon Cannon  
  140  11:01  Shield Battery  
  140  11:12  Carrier  
  140  11:17  Carrier  
  140  11:22  Carrier  
  148  11:31  Mothership (Chrono Boost)  
  148  11:32  Cybernetics Core  
  154  11:43  Nexus  
  162  11:52  Pylon  
  162  11:55  Pylon  
  162  11:57  Assimilator  
  162  12:02  Stargate, Assimilator  
  162  12:17  Carrier (Chrono Boost)  
  162  12:21  Carrier (Chrono Boost)  
  174  12:29  Photon Cannon  
  174  12:31  Photon Cannon  
  174  12:33  Photon Cannon  
  174  12:36  Photon Cannon  
  174  12:38  Carrier (Chrono Boost), Shield Battery  
  174  12:39  Shield Battery  
  174  12:42  Shield Battery  
  180  12:45  Shield Battery  
  180  12:47  Pylon  
  192  13:24  Nexus  
  192  13:26  Pylon  
Tags
 
Add a new tag
Caveats
  • Supply blocks, unpowered buildings, or Contaminate may cause inaccurate times.
  • Supply counts are checked every 10 seconds.